AoeStats
← ygtykp

Glade

503209872Analyzed
1v1 RM · 1mo ago on Aug 30, 2026· 32m 42s· 2 players
Game mode
Random Map
Map size
Tiny (2 player)
Population
200
Speed
Normal
Resources
Standard
Victory
Conquest
Starting age
Dark Age
Ending age
Imperial Age
RankedLock teamsTeams togetherTeam positionsShared explorationLock speedFull tech treeHidden civsTurbo modeCheats
Victory
Defeat
🇵🇪 Goths · Peru
1009
+15
🇹🇷 Britons · Türkiye
990
-15
ygtykp
10:35 Feudal Age
15:05 Loom
19:50 Castle Age
17:58 Fletching
18:37 Double-Bit Axe
19:41 Horse Collar
21:15 Husbandry
20:54 Crossbowman
21:45 Light Cavalry
24:05 Padded Archer Armor
27:37 Ballistics
wiroo99
0:36 Loom
10:09 Feudal Age
10:22 Man-at-Arms
16:12 Double-Bit Axe
22:41 Castle Age
22:47 Horse Collar
22:53 Pikeman
23:59 Bloodlines
23:15 Elite Skirmisher
30:53 Bow Saw
Connection lost

Rejoining the realm…

Still unreachable

The connection could not be restored.

Session expired

The server has moved on; the page needs a fresh start.